 Dungeon Crawl Stone Soup version 0.24-a0-230-g536ed4e (webtiles) character file.

Game seed: 12856503201422835623

394460 Inarius the Executioner (level 22, 0/178 HPs)
             Began as a Demonspawn Abyssal Knight on Mar 31, 2019.
             Was the Champion of Lugonu.
             Killed from afar by a quicksilver dragon (24 damage)
             ... with a bolt of dispelling energy
             ... on level 4 of the Depths on Apr 2, 2019.
             The game lasted 02:35:58 (46287 turns).

Inarius the Executioner (DsAK)                     Turns: 46287, Time: 02:35:59

Health: 0/178      AC: 39    Str: 23    XL:     22   Next: 16%
Magic:  0/33       EV:  6    Int: 13    God:    Lugonu [******]
Gold:   3868       SH: 17    Dex: 18    Spells: 21/21 levels left

rFire    + + +     SeeInvis .   b - +9 broad axe (distort)
rCold    + + +     Gourm    .   l - +0 shield {rN+}
rNeg     + . .     Faith    .   F - +9 gold dragon scales
rPois    +         Spirit   +   (helmet unavailable)
rElec    .         Reflect  +   I - +0 cloak "Ruklonir" {*Drain rC+ Slay+2}
rCorr    .         Harm     .   R - +0 pair of gloves
MR       ++...                  P - +0 pair of boots of Coopt {rC+ Regen+ Dex+4}
Stlth    ..........             i - +3 amulet of reflection
HPRegen  0.79/turn              K - +5 ring of strength
MPRegen  0.46/turn              W - ring of the Lion {rF++ MR+ Str-2}

@: no status effects
A: claws 1, hooves 1, horns 3, iridescent scales 3, clever 1, [dopey 2], powered
by death 3, augmentation 1, magic shield, magic regeneration, magic link
}: 2/15 runes: serpentine, barnacled
a: Depart the Abyss, Bend Space, Banish, Corrupt, Enter the Abyss, Renounce
Religion


You were on level 4 of the Depths.
You worshipped Lugonu.
Lugonu was exalted by your worship.
You were not hungry.

You visited 8 branches of the dungeon, and saw 41 of its levels.
You visited the Abyss 2 times.
You also visited: Sewer, Ossuary, Gauntlet, Ice Cave and Wizlab.

You collected 5961 gold pieces.
You spent 2093 gold pieces at shops.

Inventory:

Hand Weapons
 a - a +7 broad axe of chopping
 b - a +9 broad axe of distortion (weapon)
Missiles
 u - 17 silver javelins (quivered)
 S - 4 throwing nets
Armour
 l - a +0 shield of positive energy (worn)
 F - +9 gold dragon scales (worn)
 I - the +0 cloak "Ruklonir" (worn) {*Drain rC+ Slay+2}
   (You found it in a wizard's laboratory)

   It affects your accuracy and damage with ranged weapons and melee attacks
   (+2).
   It protects you from cold.
   It causes draining when unequipped.
 P - the +0 pair of boots of Coopt (worn) {rC+ Regen+ Dex+4}
   (You found it in a Gauntlet)

   It affects your dexterity (+4).
   It protects you from cold.
   It increases your rate of regeneration.
 R - a +0 pair of gloves (worn)
 Z - a +2 large shield of reflection
Jewellery
 i - a +3 amulet of reflection (around neck)
 t - an uncursed ring of protection from fire
 x - an uncursed ring of see invisible
 A - an uncursed ring of protection from fire
 D - an uncursed ring of positive energy
 K - a +5 ring of strength (left hand)
 W - the ring of the Lion (right hand) {rF++ MR+ Str-2}
   (You acquired it on level 4 of the Vaults)

   [ring of protection from magic]

   It affects your strength (-2).
   It greatly protects you from fire.
   It affects your resistance to hostile enchantments.
Wands
 d - a wand of digging (25)
 e - a wand of iceblast (24)
 q - a wand of clouds (2)
 v - a wand of acid (17)
 B - a wand of disintegration (20)
 J - a wand of paralysis (30)
 X - a wand of enslavement (9)
Scrolls
 g - 5 scrolls of fog
 k - 22 scrolls of remove curse
 m - 2 scrolls of magic mapping
 o - 26 scrolls of teleportation
 p - 6 scrolls of fear
 r - 4 scrolls of immolation
 y - 3 scrolls of identify
 M - 2 scrolls of silence
 T - 9 scrolls of blinking
 Y - 5 scrolls of summoning
Potions
 f - 3 potions of berserk rage
 j - 11 potions of curing
 n - 2 potions of heal wounds
 s - 3 potions of resistance
 w - 8 potions of haste
 C - 6 potions of magic
 E - 5 potions of mutation
 G - 6 potions of flight
 N - 5 potions of ambrosia
 O - 4 potions of cancellation
 Q - 4 potions of agility
 U - 4 potions of might
Miscellaneous
 h - a phial of floods
 z - a lightning rod (4/4)
 L - a box of beasts
 V - a fan of gales
Comestibles
 c - 80 rations
 H - 12 chunks of flesh


   Skills:
 + Level 16.1 Fighting
 * Level 22.4 Axes
   Level 1.0(15.3) Maces & Flails
 - Level 0.3 Throwing
 + Level 13.5 Armour
 + Level 2.4 Dodging
 - Level 1.6 Stealth
 + Level 14.1 Shields
 * Level 14.8 Invocations
 * Level 12.6 Evocations


You had 21 spell levels left.
You didn't know any spells.
Your spell library contained the following spells:

 Spells                   Type           Power        Failure   Level  Hunger
 Animate Skeleton         Necr           N/A          100%        1    ##.....
 Apportation              Tloc           #.....       100%        1    ##.....
 Confusing Touch          Hex            #.....       100%        1    ##.....
 Corona                   Hex            #......      100%        1    ##.....
 Freeze                   Ice            #...         100%        1    ##.....
 Magic Dart               Conj           #...         100%        1    ##.....
 Sting                    Conj/Pois      #...         100%        1    ##.....
 Summon Butterflies       Summ           #.......     100%        1    ##.....
 Summon Small Mammal      Summ           #...         100%        1    ##.....
 Blink                    Tloc           N/A          100%        2    ###....
 Call Imp                 Summ           #.......     100%        2    ###....
 Ensorcelled Hibernation  Hex/Ice        #.....       100%        2    ###....
 Poisonous Vapours        Pois/Air       #.....       100%        2    ###....
 Searing Ray              Conj           #.....       100%        2    ###....
 Shroud of Golubria       Chrm/Tloc      #.........   100%        2    ###....
 Slow                     Hex            #.......     100%        2    ###....
 Throw Frost              Conj/Ice       #.....       100%        2    ###....
 Call Canine Familiar     Summ           #.......     100%        3    ####...
 Confuse                  Hex            #.......     100%        3    ####...
 Conjure Flame            Conj/Fire      #.......     100%        3    ####...
 Dazzling Spray           Conj/Hex       #.....       100%        3    ####...
 Gell's Gravitas          Tloc           #.........   100%        3    ####...
 Ignite Poison            Fire/Tmut/Pois #.......     100%        3    ####...
 Lesser Beckoning         Tloc           #.........   100%        3    ####...
 Mephitic Cloud           Conj/Pois/Air  #.......     100%        3    ####...
 Ozocubu's Armour         Chrm/Ice       #.......     100%        3    ####...
 Portal Projectile        Hex/Tloc       #.....       100%        3    ####...
 Recall                   Summ/Tloc      N/A          100%        3    ####...
 Spider Form              Tmut/Pois      #.........   100%        3    ####...
 Teleport Other           Tloc           #.......     100%        3    ####...
 Tukima's Dance           Hex            #.......     100%        3    ####...
 Animate Dead             Necr           N/A          100%        4    #####..
 Force Lance              Conj/Tloc      #.......     100%        4    #####..
 Fulminant Prism          Conj/Hex       #.........   100%        4    #####..
 Iskenderun's Mystic Bla  Conj           #.......     100%        4    #####..
 Olgreb's Toxic Radiance  Pois           #.......     100%        4    #####..
 Passage of Golubria      Tloc           N/A          100%        4    #####..
 Summon Ice Beast         Ice/Summ       #.......     100%        4    #####..
 Throw Icicle             Conj/Ice       #.......     100%        4    #####..
 Borgnjor's Vile Clutch   Necr/Erth      #.........   100%        5    ######.
 Fireball                 Conj/Fire      #.........   100%        5    ######.
 Iskenderun's Battlesphe  Conj/Chrm      #.......     100%        5    ######.
 Summon Mana Viper        Hex/Summ       #.......     100%        5    ######.
 Venom Bolt               Conj/Pois      #.........   100%        5    ######.
 Bolt of Fire             Conj/Fire      #.........   100%        6    #######
 Death Channel            Necr           #.........   100%        6    #######
 Deflect Missiles         Chrm/Air       #.........   100%        6    #######
 Simulacrum               Ice/Necr       #.........   100%        6    #######
 Ring of Flames           Chrm/Fire      #.........   100%        7    #######
 Summon Hydra             Summ           #.........   100%        7    #######
 Disjunction              Tloc           #.........   100%        8    #######
 Ignition                 Fire           #.........   100%        8    #######
 Dragon's Call            Summ           #.........   100%        9    #######


Dungeon Overview and Level Annotations

Branches:
Dungeon (15/15)            Temple (0/1) D:7            Lair (6/6) D:9
 Shoals (4/4) Lair:3        Snake (4/4) Lair:3          Orc (2/2) D:12
    Elf (3/3) Orc:2        Vaults (4/5) D:14          Crypt (0/3) Vaults:3
 Depths (2/5) D:15
  Slime: Lair:5-6

Altars:
Cheibriados
Dithmenos
Gozag
Hepliaklqana
Okawaru
Ru
Uskayaw
Vehumet
Wu Jian
Xom
Beogh
Lugonu

Shops:
D:4 [   D:5 !}=   D:9 *   Orc:1 (   Orc:2 *(:[   Elf:1 *   Elf:3 *   Vaults:2 }
Depths:1 :%(%

Portals:
Hell: Depths:1 Depths:2
Pandemonium: Depths:2
Ziggurat: Depths:1

Annotations:
Lair:6 exclusion: 3 oklob plants
Shoals:1 exclusion: Roxanne, Roxanne
Elf:2 5 runed translucent doors
Abyss:1 Louise, the Enchantress


Innate Abilities, Weirdness & Mutations

You have a pair of large horns on your head.
You are completely covered in iridescent scales. (AC +6)
You regenerate a lot of health from kills.
Your magical and physical power is slightly enhanced at high health.
When hurt, damage is shared between your health and your magic reserves.
You regenerate magic rapidly.
When low on magic, you restore magic in place of health.
You have sharp fingernails.
You have large cloven feet.
Your mind is acute. (Int +2)
[You are very dopey. (Int -4)]


Message History

The quicksilver dragon closely misses you.
You hear a trumpeting!
The yaktaur shoots a bolt.
You reflect the bolt off an invisible shield around you!
The bolt hits the yaktaur!
The yaktaur dies!
The frost giant casts a spell at you. The bolt of cold hits you. You resist.
The quicksilver dragon breathes dispelling energy at you.
The bolt of dispelling energy hits you!!
* * * LOW HITPOINT WARNING * * *
You hear a deafening roar!
You hear a shout!
Found 3 scrolls of magic mapping.
The deep elf sorcerer hits you but does no damage.
The frost giant casts a spell at you. The bolt of cold hits you. You resist.
* * * LOW HITPOINT WARNING * * *
The quicksilver dragon breathes dispelling energy at you.
The bolt of dispelling energy hits you!!
You die...

##... .##....
#.. ....... ..
..<..CC#### ..
..........# .
..........# .#
.........D##.#
.≈§........e.#
≈§§.......@V.#
§≈≈...........#
.≈≈........##..#
.....).§§§.. ..#
.##.(..§≈§..#
... ###..§≈§..#
.. #..?...## # #
.(...#


You could see a frost giant, a quicksilver dragon, an ettin, a deep elf sorcerer
and a vampire mage.

Vanquished Creatures
  2 liches
  2 krakens
  A sphinx (Vaults:4)
  2 tentacled starspawn
  9 nagarajas
  Donald (Shoals:1)
  A tengu reaver (D:12)
  A frost giant (D:12)
  A cacodemon (Gauntlet)
  2 fire giants
  A deep elf sorcerer (Elf:1)
  10 vault wardens
  An orc warlord (Orc:2)
  A juggernaut zombie (D:15)
  8 ironheart preservers
  A spriggan defender (Depths:2)
  4 caustic shrike skeletons (Depths:2)
  2 very ugly things
  An entropy weaver (Lair:5)
  2 stone giants
  A vampire knight (Depths:1)
  A deep elf demonologist (Elf:1)
  A minotaur (Gauntlet)
  A deep elf annihilator (Elf:1)
  Snorg (Lair:6)
  3 ettins
  An ettin (shapeshifter) (Depths:1)
  5 fire dragons
  6 merfolk javelineers (Shoals:4)
  2 deep elf death magi
  9 merfolk impalers
  3 great orbs of eyes
  Josephine (Lair:4)
  A deep elf high priest (Elf:1)
  6 yaktaur captains
  4 ice dragons
  3 rakshasas
  11 vault guards
  7 hydras
  Harold (D:7)
  7 naga warriors
  6 spriggan air magi
  Erica (D:9)
  3 merfolk aquamancers
  3 merfolk avatars
  A satyr (Shoals:2)
  6 centaur warriors
  4 death yaks
  2 alligator snapping turtles
  14 anacondas
  18 two-headed ogres
  3 death knights
  8 ogre magi
  5 deep troll shamans
  A queen ant (Lair:5)
  7 tengu warriors
  5 deep troll earth magi (Depths:1)
  9 dancing weapons
  A vampire mage (Depths:4)
  14 naga sharpshooters
  4 thrashing horrors
  2 spriggan berserkers (Depths:2)
  A shock serpent (shapeshifter) (Depths:1)
  9 shock serpents
  11 deep elf knights
  4 salamander mystics
  A wretched star (Depths:1)
  2 skeletal warriors (D:15)
  Nergalle (D:11)
  An iron troll (Depths:1)
  A spark wasp zombie (D:15)
  3 shadow wraiths
  6 unseen horrors
  8 naga ritualists
  16 sea snakes
  7 spriggan druids (Depths:2)
  4 glowing orange brains
  18 deep trolls
  An obsidian statue (WizLab)
  8 deep elf archers
  2 necromancers
  6 wizards
  A lindwurm (Lair:6)
  5 phantasmal warriors
  11 ironbrand convokers
  10 mana vipers
  An oklob plant (Snake:3)
  21 ugly things
  13 orc knights
  A stone giant zombie (D:15)
  A wolf spider (Lair:5)
  3 harpies (Vaults:4)
  10 cyclopes
  17 slime creatures
  49 deep elf magi
  5 orc sorcerers
  11 salamanders
  4 fauns
  14 manticores
  A moth of wrath (Gauntlet)
  A shining eye (Orc:1)
  A worldbinder (WizLab)
  6 elephants
  9 guardian serpents
  11 vault sentinels
  30 black mambas
  9 merfolk sirens
  An eye of devastation (Orc:1)
  16 spiny frogs
  6 water nymphs
  An orange demon (WizLab)
  4 centaur skeletons
  3 large abominations
  5 torpor snails (Lair:6)
  17 naga magi
  A gargoyle (D:12)
  2 kobold demonologists
  24 yaktaurs
  2 efreet (D:15)
  A komodo dragon (shapeshifter) (D:12)
  12 komodo dragons
  3 freezing wraiths
  3 rime drakes
  A demonic crawler (WizLab)
  3 ancient zymes
  A queen bee (shapeshifter) (D:15)
  5 tengu conjurers
  27 merfolk
  14 trolls
  A meliai (shapeshifter) (Orc:2)
  3 polar bears
  2 jumping spiders (shapeshifter)
  25 hornets
  3 tyrant leeches (Lair:6)
  5 wind drakes
  18 blink frogs
  2 raiju (shapeshifter)
  13 hippogriffs
  13 dream sheep
  A raiju (Gauntlet)
  11 snapping turtles
  A centaur simulacrum (D:14)
  2 air elementals
  Sigmund (D:6)
  37 spriggans (Depths:2)
  6 wraiths
  5 redbacks
  Eustachio (D:4)
  A shadow (D:12)
  4 fire elementals
  22 water elementals
  14 wyverns
  An ice dragon skeleton (D:15)
  4 basilisks
  A vampire (D:9)
  A golden eye (shapeshifter) (Vaults:4)
  2 hogs (D:12)
  5 vampire mosquitoes
  38 yaks
  Menkaure (D:5)
  2 steam dragons
  6 hungry ghosts
  38 nagas
  8 wargs
  7 soldier ants
  5 spatial vortices (WizLab)
  4 acid dragons
  2 insubstantial wisps (WizLab)
  A swamp worm (shapeshifter) (Depths:1)
  17 water moccasins
  9 porcupines
  41 orc warriors
  19 ice beasts
  4 sky beasts
  2 black bears
  Purgy (Sewer)
  4 phantoms
  2 eyes of draining
  A necrophage (D:12)
  3 boggarts
  19 ogres
  A tengu (D:7)
  12 wolves
  3 human skeletons
  6 centaurs
  18 crocodiles
  6 big kobolds
  20 bullfrogs
  2 gnoll sergeants (D:11)
  An earth elemental (Elf:3)
  A wyvern skeleton (D:11)
  A wyvern zombie (D:14)
  3 scorpions
  19 killer bees
  12 wights
  6 howler monkeys
  5 jellies
  9 crimson imps
  7 centaur zombies
  6 starcursed masses (Depths:1)
  4 bullfrog skeletons
  2 bullfrog zombies
  2 human simulacra (Vaults:4)
  A hound (shapeshifter) (Vaults:4)
  13 orc priests
  7 hounds
  Jessica (D:3)
  A gnoll shaman (D:5)
  6 iguanas
  13 orc wizards
  A small abomination (WizLab)
  23 worker ants
  A hound skeleton (D:10)
  A worker ant zombie (D:11)
  13 adders
  13 gnolls
  3 shadow imps
  An ufetubus (WizLab)
  An ooze (D:3)
  A worm zombie (D:4)
  2 adder zombies
  An adder skeleton (D:9)
  5 worms
  5 dart slugs
  3 leopard geckos
  90 orcs
  3 ball pythons
  7 bats
  A giant cockroach (D:3)
  9 goblins
  4 hobgoblins
  10 jackals
  5 quokkas
  8 frilled lizards
  A goblin zombie (D:4)
  2 hobgoblin skeletons (Ossuary)
  2 hobgoblin zombies (Ossuary)
  A jackal zombie (D:4)
  14 kobolds
  4 kobold zombies (Ossuary)
  A leopard gecko skeleton (D:7)
  An orc zombie (Ossuary)
  A quokka skeleton (D:6)
  2 quokka zombies
  8 rats
  6 fungi
  4 plants
  5 starspawn tentacles
  8 tentacles
  A withered plant (D:15)
1651 creatures vanquished.

Vanquished Creatures (collateral kills)
  An anaconda (Snake:4)
  A deep troll (Vaults:1)
  An ironbrand convoker (Vaults:1)
  An orc knight (Vaults:1)
  A guardian serpent (Snake:4)
  A wind drake (Shoals:3)
  A yaktaur simulacrum (Vaults:1)
  2 orc warriors (Vaults:1)
  An orc (Vaults:1)
10 creatures vanquished.

Vanquished Creatures (others)
  An eldritch tentacle (WizLab)
  2 nagarajas (Snake:4)
  A vault warden (Vaults:4)
  A fire giant (Vaults:4)
  A draconian shifter (WizLab)
  2 ironheart preservers
  A ghoul (Vaults:1)
  A spriggan defender (Depths:2)
  2 caustic shrike skeletons (Depths:2)
  An entropy weaver (Lair:5)
  A merfolk javelineer (Shoals:2)
  A deep elf death mage (Elf:1)
  2 great orbs of eyes
  An ogre mage (Depths:2)
  A fire dragon (Depths:1)
  2 yaktaur captains
  A rakshasa (Vaults:3)
  3 ice dragons
  5 centaur warriors
  A satyr (Shoals:2)
  2 alligator snapping turtles
  A catoblepas (D:12)
  A two-headed ogre (Depths:1)
  4 anacondas
  A merfolk aquamancer (Shoals:3)
  A deep troll shaman (Depths:1)
  A deep troll earth mage (Vaults:1)
  An orc high priest (Elf:2)
  2 naga sharpshooters
  2 shock serpents
  A spriggan rider (Depths:2)
  A thrashing horror (WizLab)
  A skeletal warrior (D:14)
  An iron troll (Depths:1)
  A salamander mystic (Depths:4)
  2 unseen horrors
  An obsidian statue (D:15)
  4 naga ritualists
  A deep troll (Depths:1)
  A glowing orange brain (Vaults:2)
  2 harpies (Vaults:4)
  2 ironbrand convokers
  5 orc knights
  A deep elf archer (Elf:1)
  2 mana vipers (Snake:1)
  6 deep elf magi
  2 fauns
  An orc sorcerer (Orc:2)
  3 cyclopes
  5 manticores
  2 slime creatures
  An ugly thing (D:15)
  2 black mambas (Snake:1)
  A merfolk siren (Shoals:3)
  3 naga magi
  2 ice statues (IceCv)
  A centaur zombie (D:12)
  A water nymph (Shoals:4)
  A guardian serpent (Snake:4)
  A centaur skeleton (D:12)
  2 vault sentinels (Vaults:2)
  5 yaktaurs
  A freezing wraith (Vaults:3)
  A kobold demonologist (D:14)
  4 merfolk
  A tengu conjurer (D:12)
  A hippogriff (D:14)
  3 snapping turtles (Shoals:4)
  A centaur simulacrum (D:12)
  A spriggan (Depths:2)
  A ynoxinul (WizLab)
  4 water elementals
  2 yaks (D:13)
  A chaos spawn (Abyss:3)
  4 nagas
  A hell hound (WizLab)
  4 orc warriors
  An ogre (Depths:1)
  A centaur (D:14)
  A bullfrog (D:13)
  An earth elemental (Elf:1)
  A jelly (D:12)
  An orc priest (Vaults:1)
  An orc wizard (Vaults:4)
  An adder (D:8)
  2 orcs
  A hobgoblin (D:2)
  2 bushes
  26 fungi
  53 plants
  2 starspawn tentacles
  20 tentacles
256 creatures vanquished.

Grand Total: 1917 creatures vanquished

Notes
Turn   | Place    | Note
-------+----------+-------------------------------------------
     0 | Abyss:1  | Inarius the Demonspawn Abyssal Knight began the quest for
                  | the Orb.
     0 | Abyss:1  | Reached XP level 1. HP: 18/18 MP: 2/2
    91 | Abyss:2  | Noticed a hellwing
    93 | D:1      | Escaped the Abyss
   356 | D:1      | Gained mutation: When hurt, damage is shared between your
                  | health and your magic reserves. [demonic ancestry]
   356 | D:1      | Reached XP level 2. HP: 24/24 MP: 3/3
   532 | D:1      | Reached * piety under Lugonu
  1008 | D:2      | Reached skill level 2 in Axes
  1366 | D:2      | Reached skill level 1 in Dodging
  1366 | D:2      | Gained mutation: You regenerate a little health from kills.
                  | [demonic ancestry]
  1366 | D:2      | Reached XP level 3. HP: 30/30 MP: 4/4
  1426 | D:2      | Found a radiant altar of Vehumet.
  2132 | D:3      | Noticed Jessica
  2137 | D:3      | Killed Jessica
  2137 | D:3      | Gained mutation: You regenerate magic rapidly. [demonic
                  | ancestry]
  2137 | D:3      | Reached XP level 4. HP: 37/37 MP: 5/5
  2227 | D:3      | Noticed a black bear
  2319 | D:3      | Reached skill level 3 in Axes
  2398 | D:3      | Reached ** piety under Lugonu
  2546 | D:3      | Reached XP level 5. HP: 17/42 MP: 4/6
  2804 | D:3      | Killed a black bear
  2804 | D:3      | Reached skill level 4 in Axes
  3205 | D:4      | Found a sand-covered staircase.
  3231 | Ossuary  | Entered an ossuary
  3314 | Ossuary  | Reached XP level 6. HP: 21/48 MP: 4/7
  3516 | Ossuary  | Noticed a flying skull
  3516 | Ossuary  | Noticed a wraith
  3532 | Ossuary  | Noticed a flying skull
  3602 | Ossuary  | Noticed a wraith
  3608 | Ossuary  | Noticed a flying skull
  3617 | Ossuary  | Noticed a flying skull
  3761 | D:4      | Found a glowing drain.
  3819 | Sewer    | Entered a sewer
  4025 | Sewer    | Noticed Purgy
  4030 | Sewer    | Killed Purgy
  4030 | Sewer    | Reached skill level 5 in Axes
  4312 | D:4      | Noticed Eustachio
  4322 | D:4      | Killed Eustachio
  4322 | D:4      | Reached skill level 1 in Evocations
  4322 | D:4      | Reached XP level 7. HP: 50/55 MP: 6/8
  4329 | D:4      | Reached *** piety under Lugonu
  4491 | D:4      | Found Gatosech's Armour Shoppe.
  4955 | D:4      | Found a shimmering altar of Xom.
  5120 | D:4      | Bought a +0 buckler for 58 gold pieces
  5177 | D:5      | Entered Level 5 of the Dungeon
  5200 | D:5      | Reached skill level 6 in Axes
  5712 | D:5      | Noticed Menkaure
  5718 | D:5      | Killed Menkaure
  5718 | D:5      | Gained mutation: You are partially covered in iridescent
                  | scales. (AC +2) [demonic ancestry]
  5718 | D:5      | Reached XP level 8. HP: 61/61 MP: 9/9
  5778 | D:5      | Found Upluh's Gadget Emporium.
  5812 | D:5      | Reached skill level 7 in Axes
  5909 | D:5      | Found Qazun's Distillery.
  5918 | D:5      | Bought a potion of heal wounds for 60 gold pieces
  5938 | D:5      | Reached skill level 5 in Fighting
  6185 | D:5      | Found Onwur's Jewellery Boutique.
  6384 | D:6      | Noticed Sigmund
  6601 | D:6      | Killed Sigmund
  6708 | D:6      | Reached skill level 8 in Axes
  6900 | D:6      | Reached **** piety under Lugonu
  6912 | D:6      | Gained mutation: You are mostly covered in iridescent
                  | scales. (AC +4) [demonic ancestry]
  6912 | D:6      | Reached XP level 9. HP: 58/68 MP: 10/12
  7057 | D:7      | You fall through a shaft for 2 floors!
  7277 | D:9      | Reached skill level 1 in Shields
  7278 | D:9      | Reached skill level 9 in Axes
  7284 | D:9      | Reached skill level 5 in Armour
  7325 | D:7      | Noticed Joseph
  7361 | D:7      | Noticed Joseph
  7361 | D:7      | Joseph changed into Joseph the orb spider
  7362 | D:7      | Noticed Joseph
  7362 | D:7      | Joseph the orb spider changed into Joseph the hornet
  7364 | D:7      | Noticed Joseph
  7364 | D:7      | Joseph the hornet changed into Joseph the rime drake
  7370 | D:7      | Noticed Joseph
  7370 | D:7      | Joseph the rime drake changed into Joseph the tengu
  7377 | D:7      | Killed Joseph the tengu
  7411 | D:7      | Found a staircase to the Ecumenical Temple.
  7491 | D:7      | Noticed Harold
  7925 | D:7      | Gained mutation: You regenerate health from kills. [demonic
                  | ancestry]
  7925 | D:7      | Reached XP level 10. HP: 70/76 MP: 11/13
  7943 | D:7      | Found an opulent altar of Gozag.
  7996 | D:7      | Reached skill level 5 in Invocations
  8207 | D:7      | Killed Harold
  8207 | D:7      | Reached skill level 10 in Axes
  8207 | D:7      | Reached skill level 1 in Stealth
  8361 | D:7      | You fall through a shaft!
  8416 | D:7      | Found a hide-covered altar of Uskayaw.
  8422 | D:7      | Found a snail-covered altar of Cheibriados.
  8425 | D:7      | Found a sacrificial altar of Ru.
  8868 | D:8      | Found a shadowy altar of Dithmenos.
  9044 | D:8      | Reached ***** piety under Lugonu
  9627 | D:9      | Reached skill level 11 in Axes
  9677 | D:9      | Found a staircase to the Lair.
  9698 | D:9      | Found an iron altar of Okawaru.
  9801 | D:9      | Noticed Erica
  9816 | D:9      | Killed Erica
  9816 | D:9      | Gained mutation: You regenerate a lot of health from kills.
                  | [demonic ancestry]
  9816 | D:9      | Reached XP level 11. HP: 81/83 MP: 14/16
 10068 | D:9      | Found Juahob's Assorted Antiques.
 10080 | D:9      | Bought a scroll of enchant weapon for 165 gold pieces
 10080 | D:9      | Bought a ring of strength for 44 gold pieces
 10080 | D:9      | Bought a scroll labeled USKOLA IRICOR for 22 gold pieces
 10080 | D:9      | Bought a large golden ring for 110 gold pieces
 10080 | D:9      | Bought a black potion for 19 gold pieces
 10448 | D:10     | Entered Level 10 of the Dungeon
 10488 | D:10     | Reached skill level 5 in Evocations
 10508 | D:10     | Upgraded the game from 0.24-a0-226-gca05e9d to
                  | 0.24-a0-228-g05560da
 11164 | D:11     | Noticed Nergalle
 11178 | D:11     | Killed Nergalle
 11178 | D:11     | Reached skill level 12 in Axes
 11624 | D:11     | Killed an unseen horror
 11955 | D:11     | Reached ****** piety under Lugonu
 12074 | D:11     | Killed an unseen horror
 12471 | Lair:1   | Entered Level 1 of the Lair of Beasts
 13851 | Lair:2   | Reached XP level 12. HP: 91/91 MP: 17/17
 14114 | Lair:2   | Reached skill level 13 in Axes
 14240 | Lair:2   | Noticed a seven-headed hydra
 14255 | Lair:2   | Killed a seven-headed hydra
 14596 | Lair:2   | Reached skill level 1 in Maces & Flails
 15067 | Lair:3   | Found a gate leading to a gauntlet.
 15105 | Gauntlet | Entered a Gauntlet
 15105 | Gauntlet | Found a large runed translucent door.
 15105 | Gauntlet | Found a large runed translucent door.
 15105 | Gauntlet | Found a large runed translucent door.
 15105 | Gauntlet | Found a large runed translucent door.
 15105 | Gauntlet | Found a large runed translucent door.
 15105 | Gauntlet | Found a large runed translucent door.
 15105 | Gauntlet | Found a large runed translucent door.
 15105 | Gauntlet | Found a large runed translucent door.
 15105 | Gauntlet | Found a runed translucent door.
 15105 | Gauntlet | Found a runed translucent gate.
 15105 | Gauntlet | Found a transporter.
 15105 | Gauntlet | Found a transporter.
 15105 | Gauntlet | Found a runed translucent gate.
 15105 | Gauntlet | Found a transporter.
 15109 | Gauntlet | Found a transporter.
 15109 | Gauntlet | Found a transporter.
 15109 | Gauntlet | Found a transporter.
 15110 | Gauntlet | Found a runed translucent gate.
 15110 | Gauntlet | Found a runed translucent door.
 15114 | Gauntlet | Found a large runed translucent door.
 15114 | Gauntlet | Found a large runed translucent door.
 15119 | Gauntlet | Found a transporter.
 15123 | Gauntlet | Found a transporter.
 15132 | Gauntlet | Noticed a cacodemon
 15133 | Gauntlet | Found a transporter.
 15138 | Gauntlet | Found a transporter.
 15140 | Gauntlet | Noticed a balrug
 15159 | Gauntlet | Found a transporter.
 15161 | Gauntlet | Found a transporter.
 15206 | Gauntlet | Found a large runed translucent door.
 15206 | Gauntlet | Found a large runed translucent door.
 15207 | Gauntlet | Found a large runed translucent door.
 15207 | Gauntlet | Found a large runed translucent door.
 15208 | Gauntlet | Found a large runed translucent door.
 15208 | Gauntlet | Found a large runed translucent door.
 15328 | Gauntlet | Got a blackened chain mail
 15333 | Gauntlet | Identified the +7 chain mail "Jawn" {*Drain rC+ rN+} (You
                  | found it in a Gauntlet)
 15370 | Gauntlet | Got a wavering platinum ring
 15371 | Gauntlet | Identified the ring of the Sky {*Tele rF+} (You found it in
                  | a Gauntlet)
 15391 | Gauntlet | Gained mutation: Your body sometimes deteriorates upon
                  | taking damage. [a cacodemon]
 15392 | Gauntlet | Gained mutation: You are covered in fur. (AC +1) [a
                  | cacodemon]
 15394 | Gauntlet | Gained mutation: You occasionally shout uncontrollably at
                  | your foes. [a cacodemon]
 15395 | Gauntlet | Killed a cacodemon
 15396 | Gauntlet | Lost mutation: Your body sometimes deteriorates upon taking
                  | damage. [potion of mutation]
 15396 | Gauntlet | Lost mutation: You occasionally shout uncontrollably at
                  | your foes. [potion of mutation]
 15396 | Gauntlet | Gained mutation: You are occasionally teleported next to
                  | monsters. [potion of mutation]
 15396 | Gauntlet | Gained mutation: You expend magic power (3 MP) to
                  | strengthen your wands. [potion of mutation]
 15396 | Gauntlet | Gained mutation: You passively map a small area around you.
                  | [potion of mutation]
 15406 | Gauntlet | Got a pair of slimy boots
 15413 | Gauntlet | Lost mutation: You expend magic power (3 MP) to strengthen
                  | your wands. [potion of mutation]
 15413 | Gauntlet | Lost mutation: You passively map a small area around you.
                  | [potion of mutation]
 15413 | Gauntlet | Gained mutation: You are resistant to hostile enchantments.
                  | (MR+) [potion of mutation]
 15413 | Gauntlet | Gained mutation: You have sharp fingernails. [potion of
                  | mutation]
 15414 | Gauntlet | Lost mutation: You are resistant to hostile enchantments.
                  | (MR+) [potion of mutation]
 15414 | Gauntlet | Lost mutation: You are occasionally teleported next to
                  | monsters. [potion of mutation]
 15414 | Gauntlet | Lost mutation: You are covered in fur. (AC +1) [potion of
                  | mutation]
 15414 | Gauntlet | Gained mutation: You have large cloven feet. [potion of
                  | mutation]
 15414 | Gauntlet | Gained mutation: Your mind is acute. (Int +2) [potion of
                  | mutation]
 15587 | Gauntlet | Identified the +0 pair of boots of Coopt {rC+ Regen+ Dex+4}
                  | (You found it in a Gauntlet)
 15591 | Gauntlet | Noticed a minotaur
 15638 | Gauntlet | Killed a minotaur
 15725 | Gauntlet | Identified the Incunabulum of the Blessed Realm
 15731 | Gauntlet | Got a crude demon blade
 15733 | Gauntlet | Identified the +6 demon blade of Hacking and Slashing
                  | {freeze, rF+ Stlth+} (You found it in a Gauntlet)
 15966 | D:5      | Bought a potion of resistance for 120 gold pieces
 15966 | D:5      | Bought 2 potions of heal wounds for 120 gold pieces
 16256 | Lair:3   | Found a staircase to the Shoals.
 16403 | Lair:3   | Found a staircase to the Snake Pit.
 16997 | Lair:4   | Noticed Josephine
 17032 | Lair:4   | Killed Josephine
 17191 | Lair:4   | Noticed an eight-headed hydra
 17208 | Lair:4   | Killed an eight-headed hydra
 17208 | Lair:4   | Gained mutation: When low on magic, you restore magic in
                  | place of health. [demonic ancestry]
 17208 | Lair:4   | Reached XP level 13. HP: 47/98 MP: 10/19
 17439 | Lair:4   | Reached skill level 14 in Axes
 18590 | Lair:6   | Entered Level 6 of the Lair of Beasts
 18867 | Lair:6   | Noticed an entropy weaver
 18882 | Lair:6   | Noticed Snorg
 18976 | Lair:6   | Noticed an entropy weaver
 19136 | Lair:5   | Banished an entropy weaver
 19276 | Lair:5   | Reached skill level 5 in Shields
 19477 | Lair:5   | Killed an entropy weaver
 19712 | Lair:6   | Gained mutation: You have a pair of small horns on your
                  | head. [demonic ancestry]
 19712 | Lair:6   | Reached XP level 14. HP: 106/106 MP: 21/21
 19723 | Lair:6   | Reached skill level 15 in Axes
 19756 | Lair:6   | Killed Snorg
 20068 | Lair:6   | Reached skill level 10 in Invocations
 20609 | Lair:6   | Paralysed by a hornet for 2 turns
 20722 | Lair:6   | Found a runed translucent door.
 21260 | D:12     | Found a staircase to the Orcish Mines.
 21272 | Orc:1    | Entered Level 1 of the Orcish Mines
 21349 | Orc:1    | Found Boarefat's Weapon Boutique.
 21367 | Orc:1    | Found a roughly hewn altar of Beogh.
 21371 | Orc:1    | Bought a +0 broad axe for 44 gold pieces
 21398 | Orc:1    | Identified a +9 broad axe of distortion (a +7 broad axe
                  | corrupted by Lugonu)
 21398 | Orc:1    | Received a gift from Lugonu
 21651 | Orc:2    | Entered Level 2 of the Orcish Mines
 21658 | Orc:2    | Found Vajiden's Antique Weapon Shoppe.
 21815 | Orc:2    | Noticed an orc warlord
 21831 | Orc:2    | Killed an orc warlord
 21914 | Orc:2    | Found a staircase to the Elven Halls.
 22005 | Orc:2    | Found Zalloud's General Store.
 22013 | Orc:2    | Bought a potion of heal wounds for 80 gold pieces
 22024 | Orc:2    | Found a roughly hewn altar of Beogh.
 22093 | Orc:2    | Found Azocs's Book Boutique.
 22375 | Orc:2    | Found Aptoatzo's Antique Armour Boutique.
 22540 | D:12     | Noticed a tengu reaver
 22547 | D:12     | Reached skill level 16 in Axes
 22565 | D:12     | Noticed a fire giant
 22587 | D:12     | Noticed a frost giant
 22603 | D:12     | Killed a tengu reaver
 22603 | D:12     | Gained mutation: You have a pair of horns on your head.
                  | [demonic ancestry]
 22603 | D:12     | Reached XP level 15. HP: 101/115 MP: 20/23
 22639 | D:12     | Killed a frost giant
 22857 | D:12     | Killed a fire giant
 23339 | D:12     | Reached skill level 10 in Fighting
 23775 | D:13     | Found a frozen archway.
 23807 | IceCv    | Entered an ice cave
 24064 | IceCv    | Got a twitching wooden ring
 24066 | IceCv    | Identified the ring "Soun" {AC+1 Int+2} (You found it in an
                  | ice cave)
 24690 | D:13     | Reached skill level 17 in Axes
 24918 | D:14     | Found a hazy altar of Hepliaklqana.
 25100 | D:14     | Found a gate to the Vaults.
 25492 | D:15     | Entered Level 15 of the Dungeon
 25729 | D:15     | Found a staircase to the Depths.
 25737 | D:15     | Reached XP level 16. HP: 110/123 MP: 25/25
 25999 | D:15     | Found a snail-covered altar of Cheibriados.
 26734 | Snake:1  | Entered Level 1 of the Snake Pit
 27301 | Snake:1  | Reached skill level 18 in Axes
 27397 | Snake:1  | Reached skill level 10 in Armour
 28926 | Snake:2  | Reached XP level 17. HP: 122/131 MP: 25/27
 28954 | Snake:3  | Reached skill level 10 in Evocations
 29169 | Snake:3  | Found an ornate altar of the Wu Jian Council.
 29242 | Snake:3  | Identified the +12 triple crossbow of the Boiling Point
                  | {elec, Dex+4}
 29590 | Snake:4  | Entered Level 4 of the Snake Pit
 30781 | Snake:4  | Reached skill level 10 in Shields
 30829 | Snake:4  | Reached skill level 19 in Axes
 31140 | Snake:4  | Got a serpentine rune of Zot
 31524 | Shoals:1 | Entered Level 1 of the Shoals
 31538 | Lair:3   | Reached XP level 18. HP: 141/141 MP: 28/28
 31582 | Shoals:1 | Noticed Louise
 31610 | Lair:3   | Upgraded the game from 0.24-a0-228-g05560da to
                  | 0.24-a0-230-g536ed4e
 31670 | Lair:3   | Banished Louise
 31761 | Shoals:1 | Noticed Donald
 31771 | Shoals:1 | Killed Donald
 31897 | Shoals:1 | Noticed Roxanne
 34263 | Shoals:4 | Entered Level 4 of the Shoals
 34401 | Shoals:4 | Got a barnacled rune of Zot
 34914 | Shoals:4 | Identified Vumil's Incunabulum of the Entourage
 35315 | Shoals:4 | Gained mutation: You are completely covered in iridescent
                  | scales. (AC +6) [demonic ancestry]
 35315 | Shoals:4 | Reached XP level 19. HP: 149/149 MP: 29/29
 35619 | Elf:1    | Entered Level 1 of the Elven Halls
 36294 | Elf:1    | Found the +5 robe of Misfortune {*Contam Harm *Corrode
                  | *Drain *Slow EV+5}
 36663 | Elf:1    | Found Micwil's Assorted Antiques.
 36671 | Elf:1    | Bought an ancient ring mail for 306 gold pieces
 36671 | Elf:1    | Bought a scroll of blinking for 255 gold pieces
 36671 | Elf:1    | Identified the +1 ring mail "Ajiuc" {rCorr} (You bought it
                  | in a shop on level 1 of the Elven Halls)
 36825 | Elf:2    | Reached skill level 20 in Axes
 37000 | Elf:2    | Found a huge runed translucent gate.
 37000 | Elf:2    | Found a huge runed translucent gate.
 37000 | Elf:2    | Found a huge runed translucent gate.
 37000 | Elf:2    | Found a huge runed translucent gate.
 37009 | Elf:2    | Found a huge runed translucent gate.
 37531 | Elf:3    | Entered Level 3 of the Elven Halls
 37736 | Elf:3    | Found Yheupp's General Store.
 37750 | Elf:3    | Bought a scroll of magic mapping for 59 gold pieces
 37750 | Elf:3    | Bought a scroll of identify for 34 gold pieces
 37750 | Elf:3    | Bought a potion of heal wounds for 85 gold pieces
 37950 | Vaults:1 | Entered Level 1 of the Vaults
 38139 | Vaults:1 | Found a magical portal.
 38154 | WizLab   | Entered The Roulette of Golubria
 38154 | WizLab   | Found a transporter.
 38159 | WizLab   | Found a corrupted altar of Lugonu.
 38252 | WizLab   | Found a transporter.
 38252 | WizLab   | Found a transporter.
 38275 | WizLab   | Found a transporter.
 38276 | WizLab   | Found a corrupted altar of Lugonu.
 38330 | WizLab   | Found a transporter.
 38346 | WizLab   | Found a transporter.
 38394 | WizLab   | Found a transporter.
 38421 | WizLab   | Found a transporter.
 38457 | WizLab   | Found a transporter.
 38511 | WizLab   | Found a transporter.
 38537 | WizLab   | Found a transporter.
 38777 | WizLab   | Found a transporter.
 38777 | WizLab   | Found a transporter.
 38820 | WizLab   | Found a transporter.
 38880 | WizLab   | Identified the -4 cloak of Spite {rF+ Dex+3} (You found it
                  | in a wizard's laboratory)
 38882 | WizLab   | Identified the -3 cloak of Uladugg {+Inv Str-3 Int+4} (You
                  | found it in a wizard's laboratory)
 38901 | WizLab   | Got a steaming cloak
 38912 | WizLab   | Identified the cursed +0 cloak "Ruklonir" {*Drain rC+
                  | Slay+2} (You found it in a wizard's laboratory)
 38942 | WizLab   | Found a transporter.
 38978 | WizLab   | Found a transporter.
 38978 | WizLab   | Found a transporter.
 39004 | WizLab   | Found a transporter.
 39023 | WizLab   | Identified Golubria's Almanac of the Traveller
 39065 | WizLab   | Found a transporter.
 39065 | WizLab   | Found a transporter.
 39385 | Vaults:1 | Paralysed by a great orb of eyes for 3 turns
 39393 | Vaults:1 | Reached XP level 20. HP: 158/159 MP: 30/30
 40573 | Vaults:2 | Identified a scroll of acquirement
 40734 | Vaults:2 | Reached skill level 21 in Axes
 41171 | Vaults:2 | Found Xeunnuim's Gadget Boutique.
 41192 | Vaults:2 | Bought a wand of iceblast (10) for 224 gold pieces
 41192 | Vaults:2 | Bought a wand of iceblast (14) for 288 gold pieces
 42360 | Vaults:3 | Found a staircase to the Crypt.
 42598 | Vaults:4 | Paralysed by an orc sorcerer for 5 turns
 42617 | Vaults:4 | Reached skill level 15 in Fighting
 42690 | Vaults:4 | Paralysed by a great orb of eyes for 3 turns
 42804 | Vaults:4 | Got a smoking bone ring
 42805 | Vaults:4 | Identified the ring of the Lion {rF++ MR+ Str-2} (You
                  | acquired it on level 4 of the Vaults)
 43273 | Vaults:4 | Gained mutation: You have a pair of large horns on your
                  | head. [demonic ancestry]
 43273 | Vaults:4 | Reached XP level 21. HP: 158/168 MP: 29/31
 44023 | Depths:1 | Entered Level 1 of the Depths
 44111 | Depths:1 | Found a transporter.
 44111 | Depths:1 | Found a corrupted altar of Lugonu.
 44124 | Depths:1 | Found Jucvi's Food Boutique.
 44132 | Depths:1 | Found Puloc's Food Shop.
 44132 | Depths:1 | Found Yluatep's Weapon Boutique.
 44150 | Depths:1 | Found Wuepryxu's Book Shop.
 44237 | Depths:1 | Found a gateway to Hell.
 44472 | Depths:1 | Found a transporter.
 44482 | Depths:1 | Found a gateway to a ziggurat.
 44499 | Depths:1 | Reached skill level 22 in Axes
 44843 | Depths:1 | Paralysed by accursed screaming for 2 turns
 44849 | Depths:1 | Paralysed by accursed screaming for 1 turns
 44871 | Depths:1 | Identified the amulet "Viatai" {Faith Str+2} (You found it
                  | on level 1 of the Depths)
 45720 | Depths:2 | Found a one-way gate leading to the halls of Pandemonium.
 45820 | Depths:2 | Identified the +4 faerie dragon scales {rCorr Str+6}
 45820 | Depths:2 | Noticed the Enchantress
 45827 | Depths:2 | Banished the Enchantress
 45827 | Depths:2 | Gained mutation: Your magical and physical power is
                  | slightly enhanced at high health. [demonic ancestry]
 45827 | Depths:2 | Reached XP level 22. HP: 171/178 MP: 30/33
 46117 | Depths:2 | You fall through a shaft for 2 floors!
 46216 | Depths:4 | Cast into level 3 of the Abyss (ogre mage)
 46270 | Depths:4 | Escaped the Abyss
 46287 | Depths:4 | Killed from afar by a quicksilver dragon

Levels and vault maps discovered:
D:1:      dpeg_arrival_pits, layout_basic
D:2:      layout_loops_ring, fiery_altar_vehumet
D:3:      layout_loops_ring, mrwooster_statue_mirror, hex_tiny, uniq_jessica
D:4:      layout_loops_ring, brannock_xom_greatest_gift, enter_ossuary_3,
          cheibrodos_sewer_entry_bend, serial_shops,
          nicolae_shop_window_shopping, uniq_eustachio
D:5:      layout_cave_pods, first_ration, serial_shops, nicolae_shop_crystal,
          shop, nicolae_shop_trees, uniq_menkaure
D:6:      layout_rooms, uniq_sigmund
D:7:      minmay_angry_zag, layout_basic, grunt_temple_overflow_diamond,
          minmay_temple_entry_gardened_gates, grunt_gozag_breadcrumbs,
          uniq_harold, uniq_joseph
D:8:      layout_loops_cross, nicolae_dithmenos_through_a_glass_darkly
D:9:      layout_basic, grunt_lair_entry_orc_guard_hut, serial_shops,
          nicolae_shop_waterfront, basic_altar, uniq_erica
D:10:     layout_basic
D:11:     layout_loops_ring, uniq_nergalle
D:12:     minmay_complete_graph, layout_long_grid, orc_0_dummy, grunt_livestock,
          minmay_fractal_squares_gapless_7
D:13:     layout_roguey, portal_ice_cave_entry_animals_and_master, drop_trap
D:14:     layout_loops_ring, skrybe_vaults_entry_preservation,
          old_standard_altar, kennysheep_kite_vault
D:15:     gammafunk_depths_entry_grave, layout_layer_cave, cheibriados_altar_1,
          minmay_protected_statue
Lair:1:   layout_loops_ring, chequers_serial_rivers_micro_d,
          columned_hall_lemuel, lemuel_old_faithful, grunt_megastairs_3,
          lemuel_fruit_tree, serial_bayou_shore_b, lemuel_fruit_fields
Lair:2:   layout_hall_layers
Lair:3:   layout_regular_city, minmay_shoals_entry_beasts,
          guppyfry_snake_entry_garden, gauntlet_entry_generic,
          chequers_serial_rivers_micro_d, lemuel_fruit_fields
Lair:4:   layout_gridlike, uniq_josephine
Lair:5:   layout_big_grid, cheibrodos_lair_reptile_den,
          infiniplex_staircase_pool
Lair:6:   wormcave, layout_gridlike, hangedman_lair_tendril_chambers,
          minmay_slime_entry_oklob_enclosed, minmay_another_anthill, uniq_snorg
Shoals:1: layout_shoals, uniq_roxanne, uniq_donald, uniq_louise
Shoals:2: layout_shoals, nicolae_shoals_kraken_intersection
Shoals:3: layout_shoals, kb_tengu_band
Shoals:4: shoals_end_hangedman, layout_shoals
Snake:1:  layout_basic, nicolae_snake_round_shape_thing
Snake:2:  layout_onion
Snake:3:  layout_rooms, serial_corexii_hall, chequers_hall_statues_corner_a,
          corexii_hall_statues_i, chequers_hall_statues_wall_a,
          corexii_hall_statues_u, corexii_hall_statues_deadend,
          chequers_hall_statues_y, lemuel_oklob_altar
Snake:4:  grunt_snake_rune_serpentine_throne, layout_cave_town
Orc:1:    layout_caves, serial_shops, nicolae_shop_stone, basic_altar
Orc:2:    grunt_orc_gardens, layout_diamond_mine, grunt_orc_garden,
          grunt_orc_garden, grunt_orc_garden, grunt_orc_garden, basic_altar
Elf:1:    eino_elf_arrival_shootout, layout_loops_corners, serial_shops,
          shop_fountains, kennysheep_underground_church
Elf:2:    layout_geoelf_diagonals, uniq_agnes
Elf:3:    minmay_elf_hall_spiked, layout_loops_corners, serial_shops, shop
Vaults:1: ontoclasm_vaults_eye, ontoclasm_vaults_gateway,
          nicolae_vaults_gold_heap, st_smaller_cells,
          nicolae_vaults_specimen_jars, grunt_vaults_diagonal,
          vaults_room_corners, nicolae_vaults_little_squares_4,
          vaults_room_fours, layout_vaults_big_room, mu_enter_wizlab_1
Vaults:2: nicolae_vaults_meeting, v_pattern_3, v_misc_33,
          ontoclasm_vaults_ring_large, v_alt_pattern_2, vaults_dpeg_spiral,
          nicolae_vaults_network_quinsquares
          [nicolae_vaults_network_quincunx_subvault,
          nicolae_vaults_network_quincunx_subvault,
          nicolae_vaults_network_quincunx_subvault,
          nicolae_vaults_network_quincunx_subvault],
          nicolae_vaults_circle_grid_a, nicolae_vaults_alarming,
          nicolae_vaults_shelves_hall, nicolae_vaults_three_branches,
          vaults_dpeg_diagonal, layout_vaults_omnibox, serial_shops, shop
Vaults:3: blue_anna_dwarven_crypt, hangedman_vaults_cutoff,
          nicolae_vaults_network_quincunx
          [nicolae_vaults_network_quincunx_subvault,
          nicolae_vaults_network_quincunx_subvault,
          nicolae_vaults_network_quincunx_subvault,
          nicolae_vaults_network_quincunx_subvault,
          nicolae_vaults_network_quincunx_subvault], vaults_room_semicircle,
          hangedman_vaults_stitches, grunt_vaults_bifocal, vaults_room_pool,
          vaults_room_pools, nicolae_vaults_circle_grid_a,
          dpeg_vaults_monster_box, hangedman_vaults_stretched_pinwheel,
          grunt_vaults_hallway_short, grunt_vaults_funnel,
          layout_vaults_omnicross
Vaults:4: v_misc_10, nicolae_vaults_ninety_degrees,
          nicolae_vaults_yaktaur_gun_rack, hangedman_vaults_unwind,
          ontoclasm_vaults_shout, v_misc_22, ontoclasm_vaults_decontamination,
          nicolae_vaults_theta, nicolae_vaults_hallways_thing,
          nicolae_vaults_rhombus_7, layout_vaults_omnigrid
Depths:1: gammafunk_corrupted_shrine, layout_basic, enter_ziggurat_d,
          hell_entry, minmay_misc_feat_roman, solitary_fountain,
          kennysheep_small_square, firewood_loft, minmay_shoptagon,
          serial_bayou_shore_b
Depths:2: spriggan_forest, serial_shops, pan_entry, hell_entry, uniq_enchantress
Depths:4: hangedman_six_sided_sadism, layout_cave_pools,
          nicolae_abyss_entry_one_way_or_another, grunt_mini_vestibule,
          nicolae_trove_entry_crossroad
Abyss:1:  minivault_22
Abyss:2:  evilmike_abyss_exit_6
Abyss:3:  evilmike_abyss_exit_plants, due_evilmike_abyss_rune_seething_liches,
          guppyfry_abyss_exit_glass_guarded
Sewer:    sewer_co_purgy_island
Ossuary:  ossuary_due_cavern
IceCv:    ice_cave_small_dragons
WizLab:   wizlab_golubria
Gauntlet: gammafunk_gauntlet_hard_choice
          [minmay_gauntlet_arena_make_your_own_arena,
          gammafunk_gauntlet_arena_mazey, gammafunk_gauntlet_arena_crates,
          nicolae_gauntlet_arena_blocks, nicolae_gauntlet_arena_t_cross,
          gammafunk_gauntlet_arena_corners,
          nicolae_gauntlet_exit_dead_adventurers]

Skill      XL: |  1  2  3  4  5  6  7  8  9 10 11 12 13 14 15 16 17 18 19 20 21 |
---------------+----------------------------------------------------------------+-----
Axes           | 2 3 4 5 6 8 9 11 12 13 14 16 17 18 19 20 21 22 | 22.4
Armour         | 2 3 4 5 6 7 8 9 10 11 12 13 | 13.5
Dodging        | 1 2 |  2.4
Fighting       | 4 5 6 7 8 9 10 11 12 13 14 15 16 | 16.1
Evocations     | 1 2 4 6 7 8 9 11 12 | 12.6
Invocations    | 4 6 8 9 11 12 13 14 | 14.8
Shields        | 1 2 4 5 6 7 8 10 11 12 13 14 | 14.1
Stealth        | 1 |  1.6
Maces & Flails | 1 |  1.0
Throwing       | |  0.3

Action                   |  1- 3 |  4- 6 |  7- 9 | 10-12 | 13-15 | 16-18 | 19-21 | 22-24 || total
-------------------------+-------+-------+-------+-------+-------+-------+-------+-------++-------
Melee: Hand axe          |   100 |   210 |   301 |       |       |       |       |       ||   611
       Dagger            |     9 |     9 |     6 |       |       |       |       |       ||    24
       War axe           |       |       |    22 |   866 |   675 |       |       |       ||  1563
       Morningstar       |       |       |       |    13 |    15 |       |       |       ||    28
       Broad axe         |       |       |       |       |   624 |  1284 |  1487 |    97 ||  3492
       Headbutt          |       |       |       |       |   252 |   382 |   459 |    23 ||  1116
Throw: Javelin           |       |       |       |     8 |     3 |     2 |     1 |       ||    14
       Throwing net      |       |       |       |     1 |       |       |       |       ||     1
Invok: Depart the Abyss  |     1 |       |       |       |       |       |       |     1 ||     2
       Banish            |       |       |       |       |     2 |     1 |       |       ||     3
       Brand Weapon With |       |       |       |       |     1 |       |       |       ||     1
Evoke: Wand              |       |     9 |    29 |    28 |    27 |    91 |    13 |       ||   197
       Lightning rod     |       |       |       |       |     3 |       |       |       ||     3
  Use: Scroll            |     3 |     7 |     7 |    19 |    16 |    12 |    15 |     3 ||    82
       Potion            |       |     8 |     3 |     8 |       |     3 |     2 |     1 ||    25
 Stab: Paralysed         |       |       |       |    17 |     7 |       |       |       ||    24
       Confused          |       |       |       |     1 |       |       |       |       ||     1
       Distracted        |       |       |       |       |       |       |     1 |       ||     1
  Eat: Chunk             |     3 |     8 |    12 |    36 |    27 |    33 |    32 |     2 ||   153
       Ration            |       |       |       |     2 |     1 |       |     1 |       ||     4
Armor: Scale mail        |    21 |       |       |   365 |       |       |       |       ||   386
       Chain mail        |    42 |   125 |   173 |    16 |       |       |       |       ||   356
       Gold dragon scale |       |       |       |   123 |   909 |   836 |   618 |    57 ||  2543
Dodge: Dodged            |    40 |    79 |   105 |   312 |   137 |   203 |   187 |    13 ||  1076
Block: Buckler           |       |       |    40 |   102 |       |       |       |       ||   142
       Shield            |       |       |       |    83 |   777 |  1023 |   927 |    69 ||  2879
       Large shield      |       |       |       |    61 |       |       |       |       ||    61
       Reflection        |       |       |       |       |    25 |   186 |   129 |    10 ||   350

Table legend:
 A = Non-vault XP
 B = Vault XP
 C = Vault XP percentage of total XP
 D = Non-vault monster count
 E = Vault monster count
 F = Vault count percentage of total count
                 A         B        C        D         E       F
            +---------+---------+-------+---------+---------+-------
      Total |  430757 |  297895 |  40.9 |    1210 |     587 |  32.7
            +---------+---------+-------+---------+---------+-------
        D:1 |      23 |       0 |   0.0 |      15 |       0 |   0.0
        D:2 |      53 |       0 |   0.0 |      15 |       0 |   0.0
        D:3 |     246 |      37 |  13.1 |      31 |       1 |   3.1
        D:4 |     273 |     238 |  46.6 |      12 |       7 |  36.8
        D:5 |     878 |     172 |  16.4 |      26 |       1 |   3.7
        D:6 |     568 |     220 |  27.9 |      17 |       1 |   5.6
        D:7 |     566 |    1237 |  68.6 |       8 |       6 |  42.9
        D:8 |    2133 |       0 |   0.0 |      27 |       0 |   0.0
        D:9 |    3796 |    1624 |  30.0 |      31 |       6 |  16.2
       D:10 |    1946 |       0 |   0.0 |      31 |       0 |   0.0
       D:11 |    4237 |     777 |  15.5 |      51 |       1 |   1.9
       D:12 |    7924 |   16457 |  67.5 |      32 |      32 |  50.0
       D:13 |    5960 |    1865 |  23.8 |      26 |       8 |  23.5
       D:14 |    7730 |   10244 |  57.0 |      43 |      25 |  36.8
       D:15 |   14042 |    6580 |  31.9 |      40 |       9 |  18.4
     Lair:1 |     993 |     625 |  38.6 |       3 |       3 |  50.0
     Lair:2 |    5040 |       0 |   0.0 |      19 |       0 |   0.0
     Lair:3 |    7068 |    2020 |  22.2 |      26 |       5 |  16.1
     Lair:4 |    6644 |    1702 |  20.4 |      23 |       4 |  14.8
     Lair:5 |    5620 |    7423 |  56.9 |      18 |      21 |  53.8
     Lair:6 |   10702 |   14993 |  58.3 |      35 |      56 |  61.5
   Shoals:1 |    9267 |    1978 |  17.6 |      19 |       1 |   5.0
   Shoals:2 |   16393 |    2386 |  12.7 |      29 |       1 |   3.3
   Shoals:3 |   18844 |    1171 |   5.9 |      49 |       2 |   3.9
   Shoals:4 |   19506 |   14776 |  43.1 |      44 |      21 |  32.3
    Snake:1 |   20999 |       0 |   0.0 |      46 |       0 |   0.0
    Snake:2 |   24171 |       0 |   0.0 |      36 |       0 |   0.0
    Snake:3 |   15954 |     595 |   3.6 |      27 |       1 |   3.6
    Snake:4 |   20366 |   36722 |  64.3 |      37 |      55 |  59.8
      Orc:1 |    3732 |       0 |   0.0 |      29 |       0 |   0.0
      Orc:2 |    1648 |    8606 |  83.9 |      35 |      27 |  43.5
      Elf:1 |   21385 |    6712 |  23.9 |      30 |      11 |  26.8
      Elf:2 |   12075 |    1826 |  13.1 |      26 |       2 |   7.1
      Elf:3 |    7968 |       0 |   0.0 |      14 |       0 |   0.0
   Vaults:1 |   39149 |   11694 |  23.0 |      67 |      19 |  22.1
   Vaults:2 |   10045 |   21540 |  68.2 |      14 |      28 |  66.7
   Vaults:3 |   22631 |   15222 |  40.2 |      37 |      24 |  39.3
   Vaults:4 |   26674 |   14497 |  35.2 |      56 |      15 |  21.1
   Depths:1 |   47355 |   11551 |  19.6 |      70 |      15 |  17.6
   Depths:2 |    3374 |   49499 |  93.6 |      13 |      84 |  86.6
   Depths:4 |     349 |    9139 |  96.3 |       1 |      13 |  92.9
    Abyss:3 |    2430 |       0 |   0.0 |       2 |       0 |   0.0
      Sewer |       0 |     158 | 100.0 |       0 |       8 | 100.0
    Ossuary |       0 |      68 | 100.0 |       0 |      10 | 100.0
      IceCv |       0 |    4870 | 100.0 |       0 |      20 | 100.0
     WizLab |       0 |   14403 | 100.0 |       0 |      36 | 100.0
   Gauntlet |       0 |    4268 | 100.0 |       0 |       8 | 100.0
            +---------+---------+-------+---------+---------+-------
